 Dungeon Crawl Stone Soup version 0.19.1 (webtiles) character file.

73361 Haldmier the Thaumaturge (level 15, -7/104 HPs)
             Began as a High Elf Wizard on Dec 10, 2016.
             Was a High Priest of Vehumet.
             Killed from afar by TotoDurand's ghost (16 damage)
             ... with a bolt of negative energy
             ... on level 12 of the Dungeon.
             The game lasted 03:51:24 (31954 turns).

Haldmier the Thaumaturge (High Elf Wizard)         Turns: 31954, Time: 03:51:25

Health: -7/104     AC: 16    Str: 18    XL:     15   Next: 3%
Magic:  12/32      EV: 17    Int: 27    God:    Vehumet [*****.]
Gold:   3388       SH:  0    Dex: 15    Spells: 11 memorised, 0 levels left

rFire  . . .     SeeInvis +     j - +2 glaive (distort)
rCold  + . .     Gourm    .     E - +5 ring mail of Roasott {rN+}
rNeg   + . .     Faith    .     (shield currently unavailable)
rPois  +         Spirit   .     N - +0 helmet
rElec  .         Reflect  .     p - +0 cloak
rCorr  +         Harm     .     w - +1 pair of gloves
MR     +....                    z - +0 pair of boots of Batt {rPois Stlth+}
Stlth  +++.......               v - amulet of magic regeneration
                                Z - ring of Lesser Demons {rCorr rC+ Str+7 Int+3 Slay+2}
                                F - ring of see invisible

@: repel missiles, drained
A: no striking features
a: Renounce Religion


You were on level 12 of the Dungeon.
You worshipped Vehumet.
Vehumet was extremely pleased with you.
You were not hungry.

You visited 4 branches of the dungeon, and saw 21 of its levels.
You also visited: Labyrinth and Ossuary.

You collected 3583 gold pieces.
You spent 195 gold pieces at shops.

Inventory:

Hand Weapons
 j - a +2 glaive of distortion (weapon)
Armour
 p - a +0 cloak (worn)
 w - a +1 pair of gloves (worn)
 z - the +0 pair of boots of Batt (worn) {rPois Stlth+}
   (You acquired it on level 8 of the Dungeon)

   It protects you from poison.
   It makes you more stealthy.
 B - a cursed +0 shield of reflection
 E - the +5 ring mail of Roasott (worn) {rN+}
   (You found it on level 6 of the Dungeon)

   It protects you from negative energy.
 N - a +0 helmet (worn)
Jewellery
 m - a +4 ring of evasion
 n - an uncursed ring of magical power
 o - an uncursed ring of protection from fire
 v - an amulet of magic regeneration (around neck)
 F - a ring of see invisible (left hand)
 Z - the ring of Lesser Demons (right hand) {rCorr rC+ Str+7 Int+3 Slay+2}
   (You found it on level 6 of the Lair of Beasts)

   [ring of resist corrosion]

   It affects your strength (+7).
   It affects your intelligence (+3).
   It affects your accuracy and damage with ranged weapons and melee attacks
   (+2).
   It protects you from cold.
Wands
 f - a wand of polymorph (10/24)
 q - a wand of paralysis (12/24)
 y - a wand of iceblast (7/15)
 S - a wand of acid (7/15)
 W - a wand of digging (13/24)
Scrolls
 i - 10 scrolls of remove curse
 s - 4 scrolls of magic mapping
 A - 2 scrolls of fog
 P - 3 scrolls of teleportation
Potions
 a - a potion of invisibility
 b - a potion of heal wounds
 e - 11 potions of curing
 l - 4 potions of might
 G - 2 potions of haste
 H - a potion of berserk rage {unknown}
 I - a potion of agility
 R - a potion of magic {unknown}
 V - a potion of brilliance
 Y - a potion of cancellation
Comestibles
 c - a chunk of flesh
 d - 11 bread rations
 g - 6 meat rations
 k - 17 royal jellies
 t - 6 slices of pizza
 J - 15 fruits


   Skills:
 - Level 10.3(9.6) Fighting
 - Level 5.0(4.4) Armour
 - Level 11.0(10.3) Dodging
 - Level 5.0(4.4) Stealth
 - Level 4.0(3.4) Shields
 - Level 12.0(11.3) Spellcasting
 + Level 11.9(11.2) Conjurations
 - Level 4.0(3.4) Charms
 - Level 4.0(3.4) Summonings
 - Level 4.0(3.4) Translocations
 - Level 6.0(5.4) Fire Magic
 + Level 9.9(9.2) Ice Magic
 + Level 7.9(7.3) Air Magic
 - Level 4.0(3.4) Poison Magic


You couldn't memorise any spells.
You knew the following spells:

 Your Spells              Type           Power        Failure   Level  Hunger
a - Magic Dart            Conj           ####         1%          1    None
b - Blink                 Tloc           N/A          2%          2    None
c - Call Imp              Summ           ####....     2%          2    None
d - Conjure Flame         Conj/Fire      ######..     1%          3    None
e - Mephitic Cloud        Conj/Pois/Air  ######..     1%          3    None
f - Repel Missiles        Chrm/Air       #####.       1%          2    None
g - Iskenderun's Battles  Conj/Chrm      ######..     2%          5    ###....
h - Sticky Flame          Conj/Fire      ######..     1%          4    None
i - Lightning Bolt        Conj/Air       ######....   1%          5    ###....
j - Fireball              Conj/Fire      ######....   2%          5    ###....
k - Freezing Cloud        Conj/Ice/Air   ######....   5%          6    #####..


Dungeon Overview and Level Annotations

Branches:
Dungeon (12/15)            Temple (1/1) D:7            Lair (6/6) D:11
  Swamp (0/4) Lair:4        Snake (0/4) Lair:2        Slime (0/5) Lair:5
    Orc (2/2) D:9             Elf (0/3) Orc:2

Altars:
Ashenzari
Cheibriados
Dithmenos
Elyvilon
Fedhas
Gozag
Hepliaklqana
Kikubaaqudgha
Makhleb
Nemelex Xobeh
Okawaru
Qazlal
Ru
Sif Muna
Trog
Uskayaw
Vehumet
Xom
Yredelemnul
Zin
The Shining One
Beogh
Jiyva

Shops:
D:7 *   D:10 [   Orc:1 (   Orc:2 **}%

Annotations:
D:12 TotoDurand's ghost, journeyman DrMo


Message History

Confirm with . or Enter, or press ? or * to list all spells.
Aiming: Lightning Bolt
Press: ? - help, Shift-Dir - straight line, f/p - TotoDurand's ghost
Aim: TotoDurand's ghost (flame, severely damaged, catching its breath)
You hear a mighty clap of thunder!
The bolt of lightning misses TotoDurand's ghost.
You hear a bellow!
TotoDurand's ghost is engulfed in roaring flames.
TotoDurand's ghost hits you!!
* * * LOW HITPOINT WARNING * * *
You take 20 damage, and have 8/104 hp.
You now have 13/32 mp.
A slime creature comes into view.
TotoDurand's ghost is engulfed in roaring flames.
A jelly comes into view.
Casting: Lightning Bolt
Confirm with . or Enter, or press ? or * to list all spells.
You blink.
TotoDurand's ghost breathes negative energy at you.
The bolt of negative energy hits you! You partially resist.
You feel drained.
You die...

#....#.###.##.#.#
###..#§##.J.....#
#.|#§#......###
##.#W#J#......#
#...§.#÷##.....
#.#..##.# #####
#....##.###
##...##...#
#..@####.# ##..#
#.# #.># #.#
#..####.#
#..#....#
##..#.#..#
#.....#§.#
#..........#
.......#.#.####


You could see a jelly and TotoDurand's ghost.

Vanquished Creatures
  Donald (Orc:2)
  The ghost of galech the Cleaver, a journeyman DDFi of Elyvilon (Orc:2)
  A minotaur (Lab)
  4 hydras
  An ice dragon (Lair:6)
  Erica (Orc:1)
  2 death yaks (Lair:4)
  4 ogre magi
  An orc high priest (Orc:2)
  Nergalle (Orc:1)
  Sonja (D:10)
  An unseen horror (D:11)
  3 hill giants
  Pikel (D:7)
  The ghost of murphy the Skirmisher, a novice FoFi (D:6)
  2 lindwurms (Lair:6)
  An ugly thing (D:11)
  2 orc sorcerers
  6 elephants
  9 black mambas
  5 torpor snails (Lair:6)
  2 gargoyles (D:10)
  5 rime drakes
  10 spiny frogs
  4 komodo dragons
  9 polar bears
  A queen bee (Lair:4)
  3 meliai (Lair:4)
  5 trolls
  3 tyrant leeches (Lair:6)
  14 two-headed ogres
  Prince Ribbit (D:7)
  9 blink frogs
  6 hornets (Lair:6)
  2 slime creatures (D:12)
  5 raiju (Lair:6)
  4 hippogriffs
  A centaur simulacrum (D:11)
  4 wyverns
  43 yaks
  Grum (D:8)
  A fire elemental (Orc:2)
  3 hungry ghosts
  The ghost of murphy the Skirmisher, an amateur FoFi (D:5)
  4 hogs (D:10)
  A human (D:10)
  6 basilisks
  8 wargs
  7 nagas (Lair:2)
  A soldier ant (D:5)
  28 water moccasins
  3 hell hounds (Lair:6)
  6 porcupines
  3 ice beasts
  16 orc warriors
  4 sky beasts
  41 ogres
  A slave (D:7)
  14 black bears
  7 centaurs
  12 wolves
  3 phantoms
  11 crocodiles
  22 bullfrogs
  An earth elemental (Lab)
  A water moccasin zombie (Ossuary)
  2 scorpions
  39 killer bees
  3 spriggan skeletons (Lab)
  3 wights (D:10)
  3 electric eels
  6 crimson imps
  2 bullfrog zombies
  14 orc wizards
  14 orc priests
  3 bullfrog skeletons
  23 hounds
  5 jellies
  A centaur skeleton (Lab)
  6 iguanas
  A hell rat (Lair:4)
  7 worker ants
  4 big kobold zombies (Ossuary)
  A hound skeleton (D:11)
  2 mummies (Ossuary)
  7 gnolls
  30 adders
  3 shadow imps
  2 white imps (D:11)
  7 adder zombies
  4 adder skeletons
  2 worms
  A dart slug (D:3)
  2 leopard geckos
  62 orcs
  3 giant cockroaches
  4 gnoll zombies (Ossuary)
  7 goblins
  10 hobgoblins
  13 jackals
  6 bats
  4 frilled lizards
  A giant cockroach zombie (D:5)
  6 hobgoblin zombies (Ossuary)
  7 kobolds
  7 kobold zombies (Ossuary)
  4 orc zombies (Ossuary)
  3 rats
  4 butterflies (D:6)
  A fungus (Lair:4)
  6 plants
731 creatures vanquished.

Vanquished Creatures (collateral kills)
  Menkaure (D:6)
  A crocodile (Lair:6)
  An orc wizard (D:7)
  A worker ant (D:6)
  An orc (D:10)
5 creatures vanquished.

Vanquished Creatures (others)
  A hill giant (D:12)
  A cyclops (D:12)
  A two-headed ogre (Orc:2)
  A slave (D:7)
  A human (D:4)
  An ogre (Orc:2)
  A killer bee (Lair:4)
  2 orcs (D:7)
  16 fungi (Lair:6)
  43 plants
68 creatures vanquished.

Grand Total: 804 creatures vanquished

Notes
Turn   | Place    | Note
-------+----------+-------------------------------------------
     0 | D:1      | Haldmier the High Elf Wizard began the quest for the Orb.
     0 | D:1      | Reached XP level 1. HP: 11/11 MP: 6/6
   407 | D:1      | Reached XP level 2. HP: 9/17 MP: 0/7
   559 | D:1      | Learned a level 2 spell: Blink
   562 | D:1      | Learned a level 2 spell: Call Imp
  1107 | D:2      | Found a bloodstained altar of Trog.
  1164 | D:2      | Found an opulent altar of Gozag.
  1558 | D:2      | Reached XP level 3. HP: 21/21 MP: 7/9
  1563 | D:2      | Learned a level 3 spell: Conjure Flame
  1717 | D:2      | Found a snail-covered altar of Cheibriados.
  2661 | D:3      | Reached skill level 1 in Fighting
  2689 | D:3      | Reached XP level 4. HP: 28/28 MP: 8/10
  2876 | D:3      | Found a sparkling altar of Nemelex Xobeh.
  3197 | D:4      | Noticed an ogre
  3216 | D:4      | Killed an ogre
  3216 | D:4      | Reached skill level 1 in Fire Magic
  3216 | D:4      | Reached XP level 5. HP: 34/34 MP: 7/11
  3221 | D:4      | Learned a level 3 spell: Mephitic Cloud
  3404 | D:4      | Noticed an ogre
  3421 | D:4      | Killed an ogre
  3421 | D:4      | Reached skill level 1 in Air Magic
  3447 | D:4      | Noticed an ogre
  3465 | D:4      | Killed an ogre
  3465 | D:4      | Reached skill level 5 in Conjurations
  3465 | D:4      | Reached skill level 1 in Poison Magic
  3465 | D:4      | Reached XP level 6. HP: 41/41 MP: 9/12
  3819 | D:4      | Reached XP level 7. HP: 46/46 MP: 6/13
  4284 | D:4      | Found an ancient bone altar of Kikubaaqudgha.
  4329 | D:4      | Found an ancient bone altar of Kikubaaqudgha.
  4330 | D:4      | Noticed a human
  4335 | D:4      | Killed a human
  4430 | D:5      | Entered Level 5 of the Dungeon
  4664 | D:5      | Noticed murphy's ghost (amateur FoFi)
  5060 | D:5      | Killed murphy's ghost
  5060 | D:5      | Reached XP level 8. HP: 54/54 MP: 4/14
  5141 | D:5      | Reached skill level 1 in Summonings
  5924 | D:5      | Found a glowing golden altar of the Shining One.
  5925 | D:5      | Found an iron altar of Okawaru.
  6596 | D:6      | Found a faded altar of an unknown god.
  6596 | D:6      | Found a basalt altar of Yredelemnul.
  6601 | D:6      | Found a faded altar of an unknown god.
  6603 | D:6      | Found a faded altar of an unknown god.
  6604 | D:6      | Found a faded altar of an unknown god.
  6661 | D:6      | Noticed murphy's ghost (novice FoFi)
  6740 | D:6      | Killed murphy's ghost
  6740 | D:6      | Reached skill level 5 in Fighting
  6740 | D:6      | Reached skill level 5 in Air Magic
  6781 | D:6      | Found a runed door.
  6834 | D:6      | Got a bronze ring mail
  6845 | D:6      | Identified the +5 ring mail of Roasott {rN+} (You found it on level 6 of the Dungeon)
  6914 | D:6      | Reached XP level 9. HP: 61/61 MP: 15/15
  7164 | D:6      | Found a runed door.
  7184 | D:6      | Noticed Menkaure
  7194 | D:6      | Killed Menkaure
  7610 | D:6      | Reached skill level 1 in Armour
  7610 | D:6      | Reached skill level 5 in Fire Magic
  7793 | D:6      | Learned a level 2 spell: Repel Missiles
  7830 | D:7      | Found a sand-covered staircase.
  7838 | Ossuary  | Entered an ossuary
  7991 | Ossuary  | Reached skill level 4 in Spellcasting
  8142 | D:7      | Found a staircase to the Ecumenical Temple.
  8152 | Temple   | Entered the Ecumenical Temple
  8197 | Temple   | Became a worshipper of Vehumet
  8339 | D:7      | Noticed Prince Ribbit
  8340 | D:7      | Found a shadowy altar of Dithmenos.
  8365 | D:7      | Found Zin's Purification Station.
  8365 | D:7      | Found a glowing silver altar of Zin.
  8371 | D:8      | Noticed Grum
  8449 | D:8      | Killed Grum
  9213 | D:8      | Reached skill level 5 in Spellcasting
  9213 | D:8      | Reached skill level 1 in Charms
  9219 | D:8      | Reached XP level 10. HP: 62/68 MP: 15/18
  9546 | D:7      | Found a white marble altar of Elyvilon.
  9806 | D:7      | Noticed Pikel
  9818 | D:7      | Killed Pikel
  9818 | D:7      | Reached skill level 6 in Spellcasting
 10147 | D:7      | Reached * piety under Vehumet
 10147 | D:7      | Offered knowledge of Sting by Vehumet.
 10183 | D:7      | Killed Prince Ribbit
 11168 | D:8      | Identified a scroll of acquirement
 11169 | D:8      | Got a pair of fine boots
 11175 | D:8      | Identified the +0 pair of boots of Batt {rPois Stlth+} (You acquired it on level 8 of the Dungeon)
 11323 | D:9      | Reached skill level 5 in Armour
 11323 | D:9      | Reached skill level 7 in Spellcasting
 11460 | D:9      | Found a burning altar of Makhleb.
 11506 | D:9      | Found a deep blue altar of Sif Muna.
 11529 | D:9      | Found a staircase to the Orcish Mines.
 12002 | Orc:1    | Entered Level 1 of the Orcish Mines
 12006 | Orc:1    | Noticed Erica
 12012 | Orc:1    | Offered knowledge of Flame Tongue by Vehumet.
 12014 | Orc:1    | Reached ** piety under Vehumet
 12155 | D:10     | Entered Level 10 of the Dungeon
 12198 | D:10     | Found Yshreoxu's Armour Shop.
 12311 | D:10     | Reached skill level 5 in Dodging
 12834 | D:10     | Reached XP level 11. HP: 72/74 MP: 19/22
 13039 | D:10     | Noticed Sonja
 13128 | D:10     | Got a distressingly furry robe
 13282 | D:10     | Offered knowledge of Searing Ray by Vehumet.
 13299 | D:10     | Learned a level 2 spell: Searing Ray
 13464 | D:10     | Reached *** piety under Vehumet
 13591 | D:10     | Killed Sonja
 13977 | D:10     | Reached skill level 5 in Stealth
 14189 | D:10     | Noticed a hill giant
 14197 | D:10     | Killed a hill giant
 14464 | D:11     | Noticed a hill giant
 14471 | D:11     | Offered knowledge of Sticky Flame by Vehumet.
 14504 | D:11     | Killed a hill giant
 14577 | D:11     | Noticed a green ugly thing
 14585 | D:11     | Killed a green ugly thing
 14591 | D:11     | Learned a level 4 spell: Sticky Flame
 14649 | D:11     | Noticed a hill giant
 14660 | D:11     | Killed a hill giant
 14886 | D:11     | Reached **** piety under Vehumet
 15064 | D:11     | Found a staircase to the Lair.
 15126 | D:11     | Noticed an unseen horror
 15194 | D:11     | Killed an unseen horror
 15368 | D:11     | Offered knowledge of Lightning Bolt by Vehumet.
 15393 | D:11     | Reached XP level 12. HP: 62/81 MP: 23/23
 15898 | Lair:1   | Entered Level 1 of the Lair of Beasts
 16007 | Lair:1   | Learned a level 5 spell: Lightning Bolt
 16084 | Lair:1   | HP: 4/81 [poisoned by a black mamba]
 16197 | Lair:1   | Found a labyrinth entrance.
 16217 | Lab      | Entered a labyrinth
 16854 | Lab      | Noticed a minotaur
 16877 | Lab      | Killed a minotaur
 16905 | Lab      | Got a translucent leather armour
 16918 | Lab      | Identified the +1 leather armour of Resourcefulness {Stlth+} (You found it in a labyrinth)
 16928 | Lab      | Identified the cursed +0 robe of Refuge {rPois Dex+4} (You found it on level 10 of the Dungeon)
 16933 | Lab      | Got an ivory trident
 16934 | Lab      | Identified the +2 trident of Destruction {pierce, rC- MR++} (You found it in a labyrinth)
 16949 | Lab      | Got a shimmering glaive
 16952 | Lab      | Identified the cursed +1 glaive "Wiofut" {flame, rC+} (You found it in a labyrinth)
 17271 | Lair:1   | Reached ***** piety under Vehumet
 17389 | Lair:1   | Offered knowledge of Fireball by Vehumet.
 17826 | Lair:1   | Reached skill level 8 in Spellcasting
 18387 | Lair:2   | Reached skill level 9 in Spellcasting
 18423 | Lair:1   | Learned a level 5 spell: Fireball
 18443 | Lair:2   | Found a staircase to the Snake Pit.
 18884 | Lair:2   | Reached skill level 10 in Spellcasting
 19896 | Lair:3   | Noticed a five-headed hydra
 19901 | Lair:3   | Killed a five-headed hydra
 19901 | Lair:3   | Reached skill level 11 in Spellcasting
 20711 | Lair:4   | Reached XP level 13. HP: 88/88 MP: 29/29
 20836 | Lair:4   | Reached skill level 10 in Dodging
 20846 | Lair:4   | Found a staircase to the Swamp.
 22199 | Lair:4   | Offered knowledge of Freezing Cloud by Vehumet.
 22208 | Lair:4   | Learned a level 6 spell: Freezing Cloud
 22401 | Lair:3   | Reached skill level 1 in Ice Magic
 23116 | Lair:4   | Reached skill level 12 in Spellcasting
 23909 | Lair:5   | Found a viscous altar of Jiyva.
 23911 | Lair:5   | Found a staircase to the Slime Pits.
 24841 | Lair:5   | Reached skill level 1 in Shields
 25167 | Lair:6   | Entered Level 6 of the Lair of Beasts
 25325 | Lair:6   | Reached skill level 10 in Fighting
 26142 | Lair:6   | Offered knowledge of Yara's Violent Unravelling by Vehumet.
 26369 | Lair:6   | Reached skill level 5 in Ice Magic
 26656 | Lair:6   | Reached XP level 14. HP: 83/99 MP: 31/31
 27639 | Lair:6   | Got a scorched platinum ring
 27651 | Lair:6   | Identified the ring of Lesser Demons {rCorr rC+ Str+7 Int+3 Slay+2} (You found it on level 6 of the Lair of Beasts)
 27902 | Lair:6   | Reached skill level 10 in Conjurations
 28489 | Lair:6   | Found a runed door.
 29111 | Orc:1    | Killed Erica
 29411 | Orc:2    | Entered Level 2 of the Orcish Mines
 29411 | Orc:2    | Found a roughly hewn altar of Beogh.
 29411 | Orc:2    | Noticed Donald
 29415 | Orc:2    | Offered knowledge of Iskenderun's Battlesphere by Vehumet.
 29418 | Orc:2    | Killed Donald
 29422 | Orc:2    | Noticed galech's ghost (journeyman DDFi)
 29609 | Orc:2    | Killed galech's ghost
 30170 | Orc:2    | Found Jerutyet's General Store.
 30170 | Orc:2    | Found Taginot's Gadget Shop.
 30271 | Orc:2    | Found Gageuf's Food Shoppe.
 30271 | Orc:2    | Found Bibb's General Store.
 30286 | Orc:2    | Found a staircase to the Elven Halls.
 31135 | Orc:1    | Found Sotzasi's Weapon Emporium.
 31135 | Orc:1    | Noticed Nergalle
 31264 | Orc:1    | Killed Nergalle
 31572 | Orc:2    | Bought a scroll of teleportation for 45 gold pieces
 31572 | Orc:2    | Bought a potion of haste for 150 gold pieces
 31601 | Orc:2    | Reached XP level 15. HP: 67/104 MP: 26/32
 31797 | Lair:1   | Learned a level 5 spell: Iskenderun's Battlesphere
 31917 | D:12     | Noticed TotoDurand's ghost (journeyman DrMo)
 31954 | D:12     | Killed from afar by TotoDurand's ghost

Skill      XL: |  1  2  3  4  5  6  7  8  9 10 11 12 13 14 |
---------------+-------------------------------------------+-----
Conjurations   | 2 3 4 5 8 9 11 | 11.9
Fighting       | 1 2 3 4 5 6 7 8 10 | 10.3
Fire Magic     | 1 2 3 4 5 6 |  6.0
Air Magic      | 1 2 4 5 6 7 |  7.9
Poison Magic   | 1 2 3 4 |  4.0
Summonings     | 2 4 |  4.0
Translocations | 3 4 |  4.0
Armour         | 3 5 |  5.0
Spellcasting   | 5 7 11 12 | 12.0
Charms         | 1 4 |  4.0
Dodging        | 5 9 11 | 11.0
Stealth        | 3 5 |  5.0
Ice Magic      | 5 9 |  9.9
Shields        | 3 4 |  4.0

Action                   |  1- 3 |  4- 6 |  7- 9 | 10-12 | 13-15 || total
-------------------------+-------+-------+-------+-------+-------++-------
Melee: Short sword       |     4 |       |       |       |       ||     4
       Spear             |     5 |    68 |   439 |   982 |   709 ||  2203
       Glaive            |       |       |       |       |   133 ||   133
 Cast: Magic Dart        |    75 |    11 |   101 |   271 |   202 ||   660
       Conjure Flame     |       |    10 |    38 |    63 |    35 ||   146
       Mephitic Cloud    |       |       |    11 |    41 |       ||    52
       Blink             |       |       |     8 |     9 |    16 ||    33
       Call Imp          |       |       |     5 |     1 |     3 ||     9
       Repel Missiles    |       |       |     1 |     3 |       ||     4
       Searing Ray       |       |       |       |    42 |    19 ||    61
       Sticky Flame      |       |       |       |    21 |    89 ||   110
       Fireball          |       |       |       |     8 |    32 ||    40
       Lightning Bolt    |       |       |       |     4 |    38 ||    42
       Freezing Cloud    |       |       |       |       |    24 ||    24
Evoke: Wand              |       |       |     6 |       |       ||     6
  Use: Scroll            |     1 |       |    16 |    13 |     3 ||    33
       Potion            |       |       |     4 |     2 |     1 ||     7
 Stab: Sleeping          |     1 |       |       |     2 |     1 ||     4
       Confused          |       |       |     6 |    28 |       ||    34
       Paralysed         |       |       |     6 |       |       ||     6
  Eat: Chunk             |     1 |     4 |    16 |    32 |    44 ||    97
       Bread ration      |     1 |       |       |       |       ||     1
       Royal jelly       |       |       |     1 |     1 |       ||     2
       Fruit             |       |       |     2 |     2 |       ||     4
       Beef jerky        |       |       |     1 |       |     4 ||     5
       Pizza             |       |       |       |     4 |     1 ||     5
Armor: Robe              |       |       |     6 |       |       ||     6
       Ring mail         |       |       |    54 |   148 |   297 ||   499
       Skin              |       |       |       |     1 |       ||     1
Dodge: Dodged            |    15 |     2 |   164 |   513 |  1100 ||  1794
       Deflected         |       |       |       |    10 |     4 ||    14
Block: Buckler           |       |       |       |       |   102 ||   102
